[Event "FICS Team League T30"]
[Site "FICS, San Jose, California USA"]
[Date "2006.04.28"]
[Time "18:04:06"]
[Round "3"]
[White "bsdc"]
[Black "Woodchuck"]
[WhiteElo "1635"]
[BlackElo "1633"]
[TimeControl "2700+45"]
[Mode "ICS"]
[Result "1-0"]

1. e4 c5 2. Nc3 d6 3. Nf3 Nf6 4. d3 e6 5. Be3 Nc6 6. Be2 g6 7. O-O Bg7 8. Qd2
O-O 9. Bh6 Ng4 10. Bxg7 Kxg7 11. Rad1 d5 12. d4 cxd4 13. Nxd4 e5 14. Nxc6
bxc6 15. exd5 cxd5 16. Qxd5 Qxd5 17. Nxd5 Bb7 18. Bxg4 f5 19. Nc7 fxg4 20. Nxa8
Bxa8 21. Rd7+ Rf7 22. Rfd1 a6 23. Rxf7+ Kxf7 24. b4 Ke6 25. c4 Bc6 26. g3
e4 27. Kf1 g5 28. Ke2 h5 29. Ke3 h4 30. Rd4 Ke5 31. b5 axb5 32. cxb5 Bxb5
33. Rxe4+ Kf5 34. gxh4 gxh4 35. a4 Ba6 36. a5 Bb7 37. Rb4 Bc6 38. a6
{Black resigns} 1-0

[Event "FICS Team League T30"]
[Site "FICS, San Jose, California USA"]
[Date "2006.04.30"]
[Time "08:57:51"]
[Round "3"]
[White "backrankmate"]
[Black "KlassAct"]
[WhiteElo "1489"]
[BlackElo "1393"]
[TimeControl "2700+45"]
[Mode "ICS"]
[Result "1-0"]

1. e4 e5 2. Nf3 Nc6 3. Bb5 Bc5 4. d3 d6 5. Bxc6+ bxc6 6. d4 exd4 7. Nxd4
Bd7 8. c3 Nf6 9. O-O h6 10. Nd2 O-O 11. Qf3 Bb6 12. h3 c5 13. Nf5 Bxf5 14. exf5
Qd7 15. Nc4 Rfe8 16. Qg3 Qxf5 17. Bxh6 Nh5 18. Qg5 Qxg5 19. Bxg5 g6 20. Rfe1
d5 21. Ne3 Ng7 22. Nxd5 Ne6 23. Nf6+
{Black resigns} 1-0

[Event "FICS Team League T30 game"]
[Site "FICS, San Jose, California USA"]
[Date "2006.04.28"]
[Time "18:43:56"]
[Round "3"]
[White "SCUGrad"]
[Black "wekabird"]
[WhiteElo "1383"]
[BlackElo "1390"]
[TimeControl "2700+45"]
[Mode "ICS"]
[Result "0-1"]

1. e4 c6 2. d4 d5 3. Nc3 dxe4 4. Nxe4 Bf5 5. Ng3 Bg6 6. Nf3 h6 7. Ne5 Bh7
8. Bc4 e6 9. Nxf7 Kxf7 10. Qf3+ Nf6 11. Qe3 Nd5 12. Qf3+ Qf6 13. Qxf6+ gxf6
14. c3 Bd6 15. Bxh6 Nd7 16. O-O-O b5 17. Be2 a5 18. c4 Nb4 19. c5 Nxa2+
20. Kd2 Bc7 21. Rhe1 a4 22. Ra1 Ba5+ 23. Kd1 Bxe1 24. Kxe1 Nb4 25. Kd2 Nc2
{White resigns} 0-1

[Event "FICS Team League T30"]
[Site "FICS, San Jose, California USA"]
[Date "2006.04.27"]
[Time "19:05:28"]
[Round "3"]
[White "OldFlyer"]
[Black "KlassAct"]
[WhiteElo "1518"]
[BlackElo "1405"]
[TimeControl "2700+45"]
[Mode "ICS"]
[Result "1-0"]

1. c4 Nf6 2. Nc3 g6 3. g3 Bg7 4. Bg2 O-O 5. Nf3 d6 6. O-O Nc6 7. d4 e5 8. d5 Ne7 9. e4 Bd7 10. h3 Qc8 11. Kh2 Nh5 12. Rb1 f5 13. exf5 Bxf5 14. Nh4 Bxb1 15. Nxb1 Rf7 16. Nf3 Qd7 17. Nc3 Raf8 18. Ne4 Nf6 19. Neg5 Nf5 20. Nxf7 Rxf7 21. Ng5 Rf8 22. Ne6 Rf7 23. b3 Nd4 24. Nxg7 Kxg7 25. Be3 Qf5 26. Bxd4 exd4 27. Qxd4 a6 28. h4 Qc2 29. Qa1 Kg8 30. Kg1 Ng4 31. Qd4 Ne5 32. Kh1 Qxa2 33. Bh3 Kf8 34. Be6 Rf6 35. f4 Qxb3 36. Rg1 Qxc4 37. Qa1 Qe4+ 38. Rg2 Rxf4 39. gxf4 Qxf4 40. Qe1 {Black resigns} 1-0

[Event "FICS Team League T30"]
[Site "FICS, San Jose, California USA"]
[Date "2006.04.30"]
[Time "16:04:16"]
[Round "3"]
[White "EyeAm"]
[Black "ahorse"]
[WhiteElo "1459"]
[BlackElo "1528"]
[TimeControl "2700+45"]
[Mode "ICS"]
[Result "0-1"]

1. e4 c6 2. d4 d5 3. exd5 cxd5 4. c4 dxc4 5. Bxc4 Nc6 6. Nf3 Nf6 7. O-O
Bg4 8. Bb5 Qb6 9. Ba4 e6 10. h3 Bh5 11. Nc3 Be7 12. b3 O-O 13. Bxc6 Qxc6
14. g4 Qxc3 15. gxh5 Qxa1
{White resigns} 0-1

[Event "FICS Team League T30"]
[Site "FICS, San Jose, California USA"]
[Date "2006.04.29"]
[Time "09:04:06"]
[Round "3"]
[White "OroAzul"]
[Black "rsanchez"]
[WhiteElo "1401"]
[BlackElo "1417"]
[TimeControl "2700+45"]
[Mode "ICS"]
[Result "0-1"]

1. d4 Nf6 2. c4 e6 3. Nc3 Bb4 4. Nf3 O-O 5. Bg5 h6 6. Bxf6 Qxf6 7. e3 Bxc3+
8. bxc3 c5 9. Bd3 Nc6 10. Qc2 b6 11. Be4 Rb8 12. O-O Bb7 13. Bxc6 Bxc6 14. Ne5
Rbc8 15. f4 Rc7 16. Rad1 Rd8 17. dxc5 bxc5 18. Nxc6 Rxc6 19. Qa4 Qxc3 20. Kf2
Rc7 21. a3 Qb2+ 22. Kf3 Qb7+ 23. e4 Rc6 24. Qa5 Qb6 25. Qc3 Qc7 26. Rb1
Rb6 27. Qa5 Rb3+ 28. Rxb3 Qxa5 29. Rfb1 Kf8 30. Kg4 Ke7 31. e5 Qd2 32. R3b2
Qd3 33. h4 Qxc4 34. g3 Qd3 35. a4 Rc8 36. Rd1 Qxd1+
{White resigns} 0-1

[Event "FICS Team League T30"]
[Site "FICS, San Jose, California USA"]
[Date "2006.04.29"]
[Time "16:07:47"]
[Round "3"]
[White "RHankinsJr"]
[Black "blkmagic"]
[WhiteElo "1285"]
[BlackElo "1192"]
[TimeControl "2700+45"]
[Mode "ICS"]
[Result "1-0"]

1. e4 c5 2. Nf3 a6 3. c3 Nc6 4. d4 d5 5. exd5 Qxd5 6. Be2 Bg4 7. dxc5 Nf6
8. Be3 Qxd1+ 9. Bxd1 Rd8 10. O-O e6 11. h3 Bxf3 12. Bxf3 Ne5 13. Bxb7 a5
14. Bd4 Rb8 15. c6 Be7 16. Bxe5 Rd8 17. c7 Bd6 18. Bxd6 Rxd6 19. c8=Q+ Rd8
20. Bc6+ Ke7 21. Qb7+ Nd7 22. Rd1 Rhe8 23. Rxd7+ Rxd7 24. Qxd7+ Kf6 25. Qxe8
{Black resigns} 1-0

[Event "FICS Team League T30"]
[Site "FICS, San Jose, California USA"]
[Date "2006.05.01"]
[Time "05:31:37"]
[Round "3"]
[White "fledermaus"]
[Black "RussoTuristo"]
[WhiteElo "1986"]
[BlackElo "2070"]
[TimeControl "2700+45"]
[Mode "ICS"]
[Result "1/2-1/2"]

1. d4 d5 2. c4 e6 3. Nc3 Nf6 4. Bg5 Nbd7 5. e3 c6 6. Nf3 Qa5 7. Nd2 dxc4
8. Bxf6 Nxf6 9. Nxc4 Qc7 10. Be2 Be7 11. O-O O-O 12. Rc1 Rd8 13. Qc2 Bd7
14. Ne5 Be8 15. Ne4 Rac8 16. Bf3 g6 17. Nxf6+ Bxf6 18. Nd3 Bd7 19. b4 e5
20. dxe5 Bxe5 21. Nxe5 Qxe5 22. Rfd1 Bf5 23. Qb3 Be6 24. Qc2 Bf5 25. Qb3
Be6 26. Qc2 Bf5
{Game drawn by repetition} 1/2-1/2

[Event "FICS Team League T30"]
[Site "FICS, San Jose, California USA"]
[Date "2006.05.01"]
[Time "07:02:47"]
[Round "3"]
[White "lodda"]
[Black "jones"]
[WhiteElo "1879"]
[BlackElo "1901"]
[TimeControl "2700+45"]
[Mode "ICS"]
[Result "1-0"]

1. d4 Nf6 2. c4 c5 3. d5 b5 4. cxb5 a6 5. bxa6 g6 6. g3 Bg7 7. Nc3 Bxa6
8. Bg2 d6 9. Nh3 Nbd7 10. O-O O-O 11. Re1 Ng4 12. e4 Nge5 13. Nf4 Qa5 14. h4
Nb6 15. h5 g5 16. Nh3 h6 17. f4 Nd3 18. fxg5 Nxc1 19. Qxc1 Kh7 20. Qf4 Nc4
21. e5 dxe5 22. Qf5+ Kh8 23. Be4
{Black resigns} 1-0

[Event "FICS Team League T30"]
[Site "FICS, San Jose, California USA"]
[Date "2006.05.01"]
[Time "18:00:22"]
[Round "3"]
[White "HyperMagnus"]
[Black "trajanus"]
[WhiteElo "2040"]
[BlackElo "2075"]
[TimeControl "2700+45"]
[Mode "ICS"]
[Result "1/2-1/2"]

1. e4 c5 2. Nf3 d6 3. d3 Nc6 4. g3 g6 5. Bg2 Bg7 6. c3 Nf6 7. O-O O-O 8. Re1 e5 9. a3 d5 10. Qc2 dxe4 11. dxe4 Qe7 12. Bg5 Be6 13. Nbd2 h6 14. Bxf6 Bxf6 15. Bf1 a6 16. a4 Na5 17. b3 Bg7 18. Nh4 Rac8 19. Rab1 Rfd8 20. Qb2 h5 21. Red1 Bh6 22. Nc4 Nxc4 23. Bxc4 Rd6 24. Rxd6 Qxd6 25. Bxe6 Qxe6 26. Rd1 Qg4 27. f3 Qh3 28. Qe2 c4 29. bxc4 Qe6 30. Rd5 Qc6 31. a5 Qxc4 32. Qxc4 Rxc4 33. Rxe5 Rxc3 34. f4 Rc7 35. Kg2 f6 36. Rd5 Kf7 37. Kf3 Bf8 38. Ke3 Bc5+ 39. Kd3 Bg1 40. Nf3 Bc5 41. h3 Bb4 42. Kd4 Bc3+ 43. Kd3 Bb4 44. Kd4 Bc3+ 45. Kd3 Bb4 {Game drawn by repetition} 1/2-1/2

[Event "FICS Team League T30"]
[Site "FICS, San Jose, California USA"]
[Date "2006.05.01"]
[Time "10:10:03"]
[Round "2"]
[White "jgrfilho"]
[Black "chessviktor"]
[WhiteElo "1517"]
[BlackElo "1531"]
[TimeControl "2700+45"]
[Mode "ICS"]
[Result "1/2-1/2"]

1. e4 c5 2. Nc3 d6 3. Nf3 Nf6 4. Bc4 Bg4 5. O-O g6 6. d3 Bg7 7. Qe2 Nc6
8. Bg5 Nd4 9. Qd1 Nxf3+ 10. gxf3 Bh3 11. Re1 O-O 12. Ne2 Nh5 13. c3 Qd7
14. Ng3 Nf6 15. Qd2 Rfe8 16. a4 a6 17. e5 dxe5 18. Rxe5 Qc6 19. Re3 Ng4
20. Re4 Nf6 21. Bxf6 Bxf6 22. Rae1 e6 23. Qf4 Bg7 24. Qh4 Bf5 25. Nxf5 exf5
26. Rxe8+ Rxe8 27. Rxe8+ Qxe8 28. Qg3 Bf8 29. Qc7 b5 30. axb5 axb5 31. Bd5
Qe7 32. Qxe7 Bxe7 33. d4 cxd4 34. cxd4 Bf6 35. b3
{Game drawn by mutual agreement} 1/2-1/2

[Event "FICS Team League T30"]
[Site "FICS, San Jose, California USA"]
[Date "2006.05.01"]
[Time "09:02:40"]
[Round "3"]
[White "Aul"]
[Black "Cilia"]
[WhiteElo "1634"]
[BlackElo "1667"]
[TimeControl "2700+45"]
[Mode "ICS"]
[Result "1-0"]

1. d4 Nf6 2. c4 c5 3. d5 b5 4. cxb5 a6 5. Nc3 axb5 6. Nxb5 Qa5+ 7. Nc3 Ba6
8. Qa4 Bb7 9. Qxa5 Rxa5 10. e4 e6 11. dxe6 dxe6 12. Bd3 Nbd7 13. Nf3 Bd6
14. Bd2 Ra8 15. Nb5 Ke7 16. Nxd6 Kxd6 17. Ng5 Ne5 18. Bf4 Rhf8 19. Rd1 Nd7
20. Bb5+ Ke7 21. Nxh7 Bxe4 22. Nxf8 Rxf8 23. Bxd7 Nd3+ 24. Ke2 Nxf4+ 25. Ke3
Nd5+ 26. Kxe4 Kxd7 27. Rhe1 Kc6 28. g3 Rb8 29. Re2 Nf6+ 30. Kf3 Nd5 31. Rd3
Nb4 32. Ra3 Rb7 33. Ra5 Nd3 34. b3 Nb4 35. Re5 Nd5 36. Rh5 f6 37. Rh7 Nb6
38. a4 Nd7 39. Ra6+ Kd5 40. Rh5+ Ne5+ 41. Kg2 Rxb3 42. f4 g6 43. Rh6 Rb2+
44. Kh3 Nd3 45. Rxg6 Nf2+ 46. Kh4 Ne4 47. h3 c4 48. Rg8 c3 49. Rd8+ Kc4
50. Rc8+ Kb3 51. Rxe6 Nd2 52. Rxf6 c2 53. Rb6+ Ka3 54. Rc3+ Ka2 55. a5 Kb1
56. Rxc2 Kxc2 57. Rxb2+ Kxb2 58. f5 Ne4 59. a6
{Black resigns} 1-0

[Event "FICS Team League T30"]
[Site "FICS, San Jose, California USA"]
[Date "2006.05.01"]
[Time "11:11:29"]
[Round "3"]
[White "Superselector"]
[Black "atilano"]
[WhiteElo "2012"]
[BlackElo "2039"]
[TimeControl "2700+45"]
[Mode "ICS"]
[Result "1-0"]

1. e4 c5 2. Nf3 Nc6 3. d4 cxd4 4. Nxd4 Nf6 5. Nc3 d6 6. Bg5 Bd7 7. Qd2 Nxd4
8. Qxd4 Qa5 9. f4 Rc8 10. e5 dxe5 11. fxe5 e6 12. O-O-O Rxc3 13. Bd2 Qxa2
14. Bxc3 g6 15. Kd2 Bc5 16. Qd3 Nd5 17. b3 Nb4 18. Bxb4 Bxb4+ 19. Ke3 O-O
20. Qc4 Bc6 21. Qxb4 Qxc2 22. Rd2 Qc1 23. Qd4 Qe1+ 24. Re2 Qc1+ 25. Kf2
f6 26. exf6 Qg5 27. Rxe6 Qf5+ 28. Kg1 Bd7 29. Rd6
{Black resigns} 1-0

[Event "FICS Team League T30"]
[Site "FICS, San Jose, California USA"]
[Date "2006.05.01"]
[Time "11:03:35"]
[Round "3"]
[White "RoZa"]
[Black "roverch"]
[WhiteElo "1901"]
[BlackElo "1893"]
[TimeControl "2700+45"]
[Mode "ICS"]
[Result "1-0"]

1. f4 e5 2. fxe5 d6 3. exd6 Bxd6 4. Nf3 Nf6 5. d4 O-O 6. g3 Nc6 7. c3 Ne7
8. Bg2 Nf5 9. O-O Nd5 10. Qd3 c5 11. e4 c4 12. Qxc4 Nfe3 13. Qd3 Nxf1 14. exd5
Bxg3 15. Qxf1 Bc7 16. c4 Re8 17. Nc3 Bg4 18. c5 Bxf3 19. Bxf3 Qh4 20. d6
Re1 21. dxc7 Qxd4+ 22. Kg2 Rxf1 23. Kxf1 Qxc5 24. Nd5 Qc4+ 25. Kg2 Qc2+
26. Kg1 Qd3 27. Be3 Rc8 28. Rd1 Qg6+ 29. Kf2 Qd6 30. Bf4 Qc5+ 31. Kg3 g5
32. Bxg5 Rxc7 33. Nf6+ Kg7 34. Nh5+ Kg6 35. Nf4+ Kg7 36. Nh5+ Kg6 37. Bf4
Re7 38. Rd6+ Re6 39. Be4+ Kxh5 40. Rd5+ Qxd5 41. Bxd5 Re7 42. Kf3 Kg6 43. h4
Rd7 44. Bb3 f5 45. Bc4 Re7 46. a4 a6 47. b3 h6 48. Be3 Rd7 49. Kf4 Kf6 50. Bc5
b5 51. axb5 axb5 52. Bxb5 Rd1 53. b4 Rh1 54. Bd4+ Ke6 55. Bc4+ Ke7 56. Kxf5
Kd7 57. Bf6 Kc6 58. Kg6 Rb1 59. b5+ Kc5 60. Be2 Re1 61. Be7+ Kb6 62. Bd8+
Kc5 63. Bg4 Kxb5 64. Kxh6 Kc5 65. Bf6 Kd5 66. Kg5 Re8 67. Kf5 Kd6 68. h5
Ra8 69. h6 Ra7 70. Kg6
{Black resigns} 1-0

[Event "FICS Team League T30"]
[Site "FICS, San Jose, California USA"]
[Date "2006.04.29"]
[Time "07:09:16"]
[Round "3"]
[White "maeck"]
[Black "Anagramm"]
[WhiteElo "1947"]
[BlackElo "1997"]
[TimeControl "2700+45"]
[Mode "ICS"]
[Result "0-1"]

1. Nf3 d5 2. g3 Nf6 3. Bg2 g6 4. O-O Bg7 5. c4 O-O 6. cxd5 Nxd5 7. e4 Nb4
8. d4 Bg4 9. Be3 N4c6 10. e5 e6 11. Nc3 Nd7 12. h3 Bxf3 13. Bxf3 Rb8 14. Rc1
Ne7 15. Ne4 Nb6 16. Qb3 Nbd5 17. Nc5 c6 18. Bg5 Qc7 19. Ne4 Nf5 20. Rfd1
h6 21. Nf6+ Nxf6 22. Bxf6 Bxf6 23. exf6 Qd8 24. Be4 Qxf6 25. Qf3 Qg7 26. Bxf5
exf5 27. Qf4 Rbd8 28. d5 Rxd5 29. Rxd5 cxd5 30. Rc7 Qxb2 31. Qe3 Qxa2 32. Rxb7
Qa1+ 33. Kg2 Kg7 34. Rxa7 Qf6 35. Rd7 Rd8 36. Rxd8 Qxd8 37. Qe5+ Kh7 38. Qd4
Qd6 39. h4 Qe6 40. f3 Qe2+ 41. Kh3 Qxf3 42. Qa7 Qh1#
{White checkmated} 0-1

[Event "FICS Team League T30"]
[Site "FICS, San Jose, California USA"]
[Date "2006.05.01"]
[Time "20:21:09"]
[Round "3"]
[White "baaa"]
[Black "Sportsmen"]
[WhiteElo "2110"]
[BlackElo "2223"]
[TimeControl "2700+45"]
[Mode "ICS"]
[Result "0-1"]

1. d4 f5 2. g3 g6 3. Bg2 Bg7 4. Nh3 Nf6 5. O-O d6 6. Bg5 Nbd7 7. c4 O-O
8. Nc3 h6 9. Bxf6 Nxf6 10. Nf4 g5 11. Nfd5 e5 12. dxe5 dxe5 13. Nxf6+ Qxf6
14. Nd5 Qf7 15. Qb3 c6 16. Nc3 Be6 17. Rfd1 Bxc4 18. Qb4 Rfd8 19. e4 f4
20. Bh3 Rd4 21. b3 Bd3 22. Qc5 Qf8 23. Qxf8+ Bxf8 24. Bf5 Rad8 25. f3 Bc5
26. Kg2 Kf7 27. Kh3 Bb4 28. Na4 Bxe4 29. Rxd4 Bxf5+ 30. g4 Bxg4+ 31. Kxg4
Rxd4 32. Kf5 Rd2 33. h4 gxh4 34. a3 Bd6 35. Rh1 b5 36. Nc3 Rd3 37. Ne4 Be7
38. Rc1 Rxf3 39. Rxc6 Rxb3 40. Rxh6 Rxa3 41. Rh7+ Kf8 42. Ke6 Ra6+ 43. Kxe5
Rg6 44. Kxf4 b4 45. Kf5 Rg7 46. Rh8+ Rg8 47. Rh6 b3 48. Nd2 b2 49. Rc6 Rg1
50. Rc8+ Kf7 51. Rb8 h3 52. Rxb2 h2 53. Nf3 h1=Q 54. Ne5+ Kg7 55. Rb7 Qxb7
{White resigns} 0-1

[Event "FICS Team League T30"]
[Site "FICS, San Jose, California USA"]
[Date "2006.05.01"]
[Time "16:57:48"]
[Round "3"]
[White "sixkiller"]
[Black "TGV"]
[WhiteElo "1697"]
[BlackElo "1764"]
[TimeControl "2700+45"]
[Mode "ICS"]
[Result "0-1"]

1. e4 e6 2. d4 d5 3. Nc3 Bb4 4. e5 c5 5. Bd2 cxd4 6. Nb5 Bxd2+ 7. Qxd2 Nc6
8. Nd6+ Kf8 9. Qf4 f6 10. exf6 Nxf6 11. Nf3 e5 12. Nxe5 Nxe5 13. Qxe5 Qa5+
14. Kd1 Qb4 15. Kc1 Bg4 16. Bd3 Rd8 17. Nb5 Re8 18. Qd6+ Qxd6 19. Nxd6 Re7
20. Kd2 Ne4+ 21. Bxe4 dxe4 22. Rae1 g6 23. Rxe4 Rxe4 24. Nxe4 Kg7 25. f3
Be6 26. Nc5 Bd5 27. Re1 Kf7 28. Kd3 Rd8 29. Ne4 h6 30. Ng3 Bc6 31. Ne2 Bb5+
32. Kd2 d3 33. Nc3 dxc2+ 34. Kxc2 Bd3+ 35. Kb3 b5 36. Kb4 Rd4+ 37. Kc5 Rc4+
38. Kd6 Rd4+ 39. Kc6 Rc4+ 40. Kd5 Rc8 41. Kd6 Rd8+ 42. Kc7 Rd4 43. Ne4 Bxe4
44. fxe4 Rd2 45. Kb7 Rxb2 46. Kxa7 Rxa2+ 47. Kb6 Rb2 48. Kc5 Ke6 49. g3
Ke5 50. Re3 b4 51. Kc4 Rxh2 52. Kxb4 Rd2 53. Kc3 Rd4 54. Re1 Rxe4 55. Kd2
h5 56. Re3 Rxe3 57. Kxe3 g5 58. Kf3 Kd4 59. g4 h4
{White resigns} 0-1

[Event "FICS Team League T30"]
[Site "FICS, San Jose, California USA"]
[Date "2006.05.01"]
[Time "18:07:53"]
[Round "3"]
[White "clarinetref"]
[Black "ccaseiro"]
[WhiteElo "1617"]
[BlackElo "1543"]
[TimeControl "2700+45"]
[Mode "ICS"]
[Result "1-0"]

1. Nf3 Nf6 2. g3 g6 3. Bg2 Bg7 4. c4 O-O 5. O-O d6 6. d3 Nbd7 7. Nbd2 Re8
8. b4 a6 9. Rb1 Rb8 10. Nb3 e5 11. Na5 e4 12. Ng5 exd3 13. exd3 Ne5 14. Qb3
h6 15. Nf3 Nfd7 16. Bb2 Nxf3+ 17. Bxf3 Ne5 18. Bxe5 Bxe5 19. Qd1 Qd7 20. a4
c6 21. b5 cxb5 22. axb5 Qc7 23. Qd2 Bd7 24. b6 Qc8 25. Qxh6 Bc6 26. Nxc6
bxc6 27. Qc1 Bd4 28. Qf4 Be5 29. Qe4 Bxg3 30. Qxc6 Be5 31. Qxc8 Rexc8 32. b7
Rc5 33. Rfd1 Bf4 34. Bd5 Rc7 35. Rb6 a5 36. Ra6 Rcxb7 37. Bxb7 Rxb7 38. Rxa5
f6 39. Rda1 Kf7 40. Rb5 Rc7 41. Ra4 Be5 42. Rd5 g5 43. Kg2 Ke6 44. d4 Bf4
45. Rda5 Rh7 46. h3 f5 47. c5 g4 48. Ra3 Rg7 49. hxg4 fxg4 50. Ra7 Rxa7
51. Rxa7 dxc5 52. dxc5 Kd5 53. Ra4 Be5 54. Rxg4 Kxc5 55. f4 Bd6 56. Kf3
Kc6 57. Rg2 Kd7 58. Re2 Be7 59. Kg4 Ke8 60. f5 Kf7 61. Re6 Bf6 62. Rb6 Bd8
63. Re6 Bf6 64. Kh5 Bg7 65. Rc6 Bf6 66. Rc7+ Be7 67. Rc6 Bf6 68. Kh6 Bd4
69. Rd6 Be5 70. Re6 Bd4 71. Kg5 Bf6+ 72. Rxf6+
{Black resigns} 1-0

[Event "FICS Team League T30"]
[Site "FICS, San Jose, California USA"]
[Date "2006.05.01"]
[Time "14:06:53"]
[Round "3"]
[White "fidelian"]
[Black "ahorse"]
[WhiteElo "1451"]
[BlackElo "1539"]
[TimeControl "2700+45"]
[Mode "ICS"]
[Result "0-1"]

1. e4 c6 2. Nc3 d5 3. Nf3 dxe4 4. Nxe4 Bf5 5. Nc3 Nf6 6. d3 Qc7 7. Qe2 Nbd7
8. g3 Bg4 9. Bf4 Qb6 10. O-O-O Nd5 11. Nxd5 cxd5 12. h3 Be6 13. d4 Qa5 14. a3
a6 15. Qd2 Qa4 16. Bd3 Nb6 17. Bc7 Nc4 18. Bxc4 dxc4 19. Qc3 Bd5 20. Rhe1
e6 21. Ne5 b5 22. Qa5 c3 23. Qxc3 b4 24. axb4 Bxb4 25. Qe3 Qa1#
{White checkmated} 0-1

[Event "FICS Team League T30"]
[Site "FICS, San Jose, California USA"]
[Date "2006.05.02"]
[Time "09:20:10"]
[Round "3"]
[White "Aul"]
[Black "scrow"]
[WhiteElo "1647"]
[BlackElo "1538"]
[TimeControl "2700+45"]
[Mode "ICS"]
[Result "0-1"]

1. d4 e6 2. e3 c5 3. c3 d5 4. Nd2 Nf6 5. Bd3 Nbd7 6. f4 c4 7. Bc2 b5 8. a3
a5 9. b4 axb4 10. cxb4 Bxb4 11. Bb2 Be7 12. Bc3 Qb6 13. Ngf3 O-O 14. Ne5
Rxa3 15. Rxa3 Bxa3 16. Qb1 h6 17. O-O b4 18. Nxd7 Bxd7 19. Bb2 Bxb2 20. Qxb2
c3 21. Qc1 cxd2 22. Qxd2 b3 23. Rb1 b2 24. g4 Ra8 25. Qc3 Rb8 26. g5 hxg5
27. fxg5 Ne4 28. Qe1 Nxg5 29. Qh4 Nf3+
{White resigns} 0-1

[Event "FICS Team League T30"]
[Site "FICS, San Jose, California USA"]
[Date "2006.05.02"]
[Time "12:40:44"]
[Round "3"]
[White "nimzovit"]
[Black "gracey"]
[WhiteElo "2004"]
[BlackElo "2080"]
[TimeControl "2700+45"]
[Mode "ICS"]
[Result "1/2-1/2"]

1. e4 e5 2. f4 Bc5 3. Nf3 Nc6 4. c3 f5 5. Nxe5 Nxe5 6. d4 Nc6 7. dxc5 fxe4
8. Bc4 Qh4+ 9. g3 Qe7 10. Be3 Nf6 11. Nd2 d6 12. cxd6 cxd6 13. Qb3 Bh3 14. O-O-O
O-O-O 15. Bd5 Nxd5 16. Qxd5 Kb8 17. Nb3 Bg4 18. Rd2 Qe6 19. Qxe6 Bxe6 20. Nd4
Bc4 21. Nf5 Rhf8 22. Nxd6 Bd3 23. Bc5 Rf6 24. Re1 Rfxd6 25. Bxd6+ Rxd6 26. Rxe4
Bxe4 27. Rxd6 Kc7 28. Re6 Bg6 29. a3 Kd7 30. Re3 Kd6 31. g4 Na5 32. f5 Bf7
33. g5 Nc4 34. Rh3 Bg8 35. Rd3+ Ke7 36. h4 Ne5 37. Re3 Kd6 38. Kc2 Bd5 39. a4
{Game drawn by mutual agreement} 1/2-1/2

[Event "FICS Team League T30"]
[Site "FICS, San Jose, California USA"]
[Date "2006.05.03"]
[Time "08:52:23"]
[Round "3"]
[White "delirioit"]
[Black "LLIAMAH"]
[WhiteElo "1710"]
[BlackElo "1778"]
[TimeControl "2700+45"]
[Mode "ICS"]
[Result "1/2-1/2"]

1. e4 e5 2. f4 d5 3. exd5 e4 4. d3 Nf6 5. Nc3 Bb4 6. Bd2 Bxc3 7. Bxc3 Nxd5
8. Bxg7 Rg8 9. Be5 Qh4+ 10. g3 Rxg3 11. hxg3 Qxh1 12. dxe4 Qxg1 13. exd5
Qxg3+ 14. Kd2 c6 15. Qe1 Qxe1+ 16. Rxe1 Nd7 17. Bd6+ Kd8 18. dxc6 bxc6 19. Bc4
Nb6 20. Bxf7 Kd7 21. Bc5 Nd5 22. Bxd5 cxd5 23. Re7+ Kc6 24. b4 a5 25. a3
axb4 26. axb4 Ra2 27. Rxh7 Bf5 28. Rh6+ Kb5 29. Rf6 Rxc2+ 30. Ke3 Rc3+ 31. Kd4
Rd3+ 32. Ke5 Be4 33. Rd6 Rf3 34. Rf6 Rh3 35. f5 Kc4 36. Rf8 Rh5
{Game drawn by mutual agreement} 1/2-1/2

[Event "FICS Team League T30"]
[Site "FICS, San Jose, California USA"]
[Date "2006.05.05"]
[Time "11:01:30"]
[Round "3"]
[White "Darmik"]
[Black "dlf"]
[WhiteElo "2168"]
[BlackElo "2089"]
[TimeControl "2700+45"]
[Mode "ICS"]
[Result "1-0"]

1. d4 Nf6 2. c4 g6 3. Nc3 Bg7 4. e4 d6 5. f3 O-O 6. Be3 Nc6 7. Nge2 a6 8. Qd2
Rb8 9. O-O-O b5 10. Bh6 e5 11. h4 Bxh6 12. Qxh6 exd4 13. Nxd4 Nxd4 14. Rxd4
Qe7 15. h5 Be6 16. g4 c6 17. Be2 bxc4 18. hxg6 fxg6 19. Bxc4 Bxc4 20. Rxc4
Qb7 21. Qd2 Nd7 22. Nd1 Ne5 23. Rc3 Qf7 24. Qxd6 Nxf3 25. Rf1 Qxa2 26. Rcxf3
Rfd8 27. Qe5 Rb5 28. Qc3 Qa1+ 29. Kc2 Qa4+ 30. b3 Qxe4+ 31. Kc1 Rbd5 32. Ne3
Rd4 33. Nc2 R4d5 34. Rf7 Rd1+ 35. Kb2 R8d4 36. Rxd1
{Black resigns} 1-0

[Event "FICS Team League T30"]
[Site "FICS, San Jose, California USA"]
[Date "2006.05.05"]
[Time "23:01:19"]
[Round "3"]
[White "SerhiyFranchuk"]
[Black "BoboVieri"]
[WhiteElo "2085"]
[BlackElo "1974"]
[TimeControl "2700+45"]
[Mode "ICS"]
[Result "0-1"]

1. e4 c5 2. Nf3 d6 3. d4 cxd4 4. Nxd4 Nf6 5. Nc3 Nc6 6. Bb5 Bd7 7. Bxc6
bxc6 8. O-O e5 9. Nde2 Be7 10. f4 Qb6+ 11. Kh1 Ng4 12. Qe1 Ne3 13. Bxe3
Qxe3 14. fxe5 dxe5 15. Rd1 Be6 16. Rd3 Qb6 17. Qg3 Bf6 18. b3 Rd8 19. Rdf3
Ke7 20. Rxf6 gxf6 21. Qg7 Kd7 22. Qxf6 Qa5 23. b4 Qc7 24. Na4 Kc8 25. Nc5
Bc4 26. Qf5+ Kb8 27. b5 Ka8 28. Na6 Qe7 29. Nc3 Rd2 30. Rf2 Rxf2 31. Qxf2
cxb5 32. h3 Rd8 33. Nc5 Rd4 34. Kh2 Qxc5 35. Qf5 Rd2 36. a4 Rxc2 37. Nxb5
Bxb5 38. axb5 Qf2 39. Qg4 Qf4+
{White resigns} 0-1

[Event "FICS Team League T30"]
[Site "FICS, San Jose, California USA"]
[Date "2006.05.06"]
[Time "23:46:54"]
[Round "3"]
[White "Pawns"]
[Black "zcomcon"]
[WhiteElo "1976"]
[BlackElo "1716"]
[TimeControl "2700+45"]
[Mode "ICS"]
[Result "1-0"]

1. e4 e5 2. Nf3 Nc6 3. c3 Nf6 4. d4 Nxe4 5. d5 Nb8 6. Nxe5 Nf6 7. Be2 d6
8. Nf3 Be7 9. O-O O-O 10. c4 Re8 11. Nc3 Nbd7 12. Re1 Bf8 13. Bg5 Ne5 14. Qd4
Nxf3+ 15. Bxf3 Be7 16. Re3 Nd7 17. Bxe7 Rxe7 18. Be4 Nf6 19. Rae1 Nxe4 20. Nxe4
Kf8 21. b4 Bf5 22. a3 Bxe4 23. Rxe4 Rxe4 24. Qxe4 Qe8 25. Qb1 Qd8 26. Qxh7
f6 27. Qh8+ Kf7 28. Qh3 a6 29. Qe6+ Kf8 30. Kf1 Qe8 31. Qh3 Qd8 32. Re4
Qc8 33. Qh8+ Kf7 34. Qh5+ Kf8 35. c5 dxc5 36. bxc5 a5 37. d6 cxd6 38. cxd6
Qc1+ 39. Re1 Qc4+ 40. Kg1 Rd8 41. d7 Qf7 42. Qh8+ Qg8 43. Re8+
{Black resigns} 1-0

[Event "FICS Team League T30"]
[Site "FICS, San Jose, California USA"]
[Date "2006.05.05"]
[Time "11:13:05"]
[Round "3"]
[White "shnooz"]
[Black "Nemisis"]
[WhiteElo "1792"]
[BlackElo "1966"]
[TimeControl "2700+45"]
[Mode "ICS"]
[Result "0-1"]

1. e4 c5 2. Nf3 d6 3. d4 cxd4 4. Nxd4 Nf6 5. Nc3 a6 6. Be3 e6 7. Be2 Be7
8. Qd2 Qc7 9. f4 b5 10. Bf3 Bb7 11. e5 dxe5 12. fxe5 Nfd7 13. Bxb7 Qxb7
14. O-O Nxe5 15. Qf2 O-O 16. Qg3 Nbd7 17. Rae1 Ng6 18. a3 Bh4 19. Qh3 Bxe1
20. Rxe1 Nf6 21. Bg5 Nd5 22. Nxd5 Qxd5 23. Qg4 h6 24. Bc1 Rfd8 25. c3 Qc5
26. Kh1 Qc4 27. Qg3 Rac8 28. h4 e5 29. Nf5 Rd3 30. Be3 Qe4 31. Qh3 Rcd8
32. h5 Rd1 33. Rxd1 Rxd1+ 34. Kh2 Rd3 35. hxg6 fxg6 36. Nxh6+ gxh6 37. Qc8+
Kg7 38. Qc7+ Kf6 39. Bf2 Qf4+
{White resigns} 0-1

[Event "FICS Team League T30"]
[Site "FICS, San Jose, California USA"]
[Date "2006.05.06"]
[Time "14:03:57"]
[Round "3"]
[White "GadsHill"]
[Black "TryAnything"]
[WhiteElo "1636"]
[BlackElo "1699"]
[TimeControl "2700+45"]
[Mode "ICS"]
[Result "1-0"]

1. d4 d5 2. c4 e5 3. dxe5 d4 4. Nf3 Nc6 5. e3 Bb4+ 6. Nfd2 dxe3 7. fxe3
Qg5 8. Qf3 Qxe5 9. Bd3 Be6 10. O-O O-O-O 11. Be4 Bd7 12. Nc3 Nf6 13. Nd5
Bg4 14. Qg3 Qxg3 15. hxg3 Bxd2 16. Nxf6 Bxc1 17. Nxg4 Bxb2 18. Rab1 Rd2
19. Rxf7 g6 20. Rbf1 Ba3 21. Bxc6 bxc6 22. R1f6 Rd6 23. Rxd6 Bxd6 24. Nf6
Bxg3 25. Nxh7 Rd8 26. Rf8 Rxf8 27. Nxf8 g5 28. Ne6 g4 29. Kf1 Kd7 30. Nf4
Kd6 31. Nd3 a5 32. a4 Be5 33. Ke2 Bc3 34. Kf2 Be5 35. Nxe5 Kxe5 36. Kg3
Ke4 37. Kxg4 Kxe3 38. Kf5 Kd4 39. g4 Kxc4 40. g5 Kd3 41. g6 c5 42. g7 c4
43. g8=Q c3 44. Qd5+ Kc2 45. Ke4 Kc1 46. Qg5+ Kb2 47. Qb5+ Kc1 48. Kd3 c2
49. Qb3
{Black resigns} 1-0